 Dungeon Crawl Stone Soup version 0.30-a0-715-gdb4ae3ece1 (webtiles) character file.

Game seed: 11182248615223595868

100 Darius099 the Covered (level 4, -1/29 HPs)
             Began as a Gargoyle Fighter on Jan 23, 2023.
             Slain by a gnoll
             ... wielding a +0 halberd
              (3 damage)
             ... on level 3 of the Dungeon.
             The game lasted 00:02:50 (1712 turns).

Darius099 the Covered (Gargoyle Fighter)            Turns: 1712, Time: 00:02:51

Health: -1/29      AC: 11    Str: 19    XL:     4   Next: 74%
Magic:  13/13      EV:  9    Int:  9    God:
Gold:   141        SH:  4    Dex: 11    Spells: 3/3 levels left

rFire   . . .      SeeInvis .    a - +0 flail
rCold   . . .      Faith    .    c - +0 buckler
rNeg    + . .      Spirit   .    b - +0 scale mail
rPois   ∞          Reflect  .    (no helmet)
rElec   +          Harm     .    n - +0 cloak
rCorr   +          Rampage  .    (no gloves)
Will    .....                    (no boots) Stlth
                                 (no amulet)
HPRegen 0.24/turn                g - ring of resist corrosion
MPRegen 0.13/turn                h - ring of magical power

@: no status effects
A: sickness immunity, AC +3, negative energy resistance 1, electricity
resistance, torment resistance 1, petrification resistance
a: no special abilities


You were on level 3 of the Dungeon.
You visited 1 branch of the dungeon, and saw 3 of its levels.

You collected 141 gold pieces.

Inventory:

Hand Weapons
 a - a +0 flail (weapon)
Armour
 b - a +0 scale mail (worn)
 c - a +0 buckler (worn)
 n - a +0 cloak (worn)
Jewellery
 g - a ring of resist corrosion (left hand)
 h - a ring of magical power (right hand)
Scrolls
 f - 2 scrolls of fog {unknown}
 i - a scroll of immolation {unknown}
 k - a scroll of identify {unknown}
 l - a scroll of vulnerability {unknown}
 m - a scroll of teleportation {unknown}
Potions
 d - a potion of might
 e - 2 potions of curing {unknown}
 j - 4 potions of mutation {unknown}


   Skills:
 + Level 4.0 Fighting
 + Level 2.9 Maces & Flails
 + Level 4.1 Armour
 + Level 4.0 Shields


You had 3 spell levels left.
You didn't know any spells.
Your spell library was empty.

Dungeon Overview and Level Annotations

Branches:
Dungeon (3/15)

Altars:


Innate Abilities, Weirdness & Mutations

You are immune to sickness and miasma.
Your stone body is resilient. (AC +3)
You are immune to poison.
You resist negative energy. (rN+)
You are resistant to electric shocks. (rElec)
You are resistant to unholy torment.
You are immune to petrification.


Message History

The gnoll hits you but does no damage.
You struggle against the net.
The gnoll hits you from afar with a +0 spear.
* * * LOW HITPOINT WARNING * * *
The gnoll barely misses you.
You rip the net and break free!
A bat comes into view.
You block the gnoll's attack. The gnoll barely misses you.
You thump the frilled lizard!
You kill the frilled lizard!
You block the kobold's attack.
You closely miss the kobold. The kobold hits you but does no damage.
The gnoll barely misses you.
You hit the kobold but do no damage. The gnoll hits you but does no damage.
The kobold hits you but does no damage.
You hit the kobold.
The kobold is moderately wounded.
The gnoll barely misses you. The kobold barely misses you.
You sock the kobold!
You kill the kobold!
A frilled lizard comes into view.
The gnoll hits you from afar with a +0 spear.
* * * LOW HITPOINT WARNING * * *
The gnoll hits you but does no damage. The gnoll hits you but does no damage.
The gnoll hits you from afar with a +0 halberd.
* * * LOW HITPOINT WARNING * * *
Things that are here:
a +0 short sword; a frilled lizard corpse You hit the gnoll.
The gnoll is heavily wounded.
The gnoll barely misses you. The gnoll closely misses you.
You closely miss the gnoll.
The gnoll is heavily wounded.
The gnoll hits you but does no damage. x2
You barely miss the gnoll.
The gnoll is heavily wounded.
The gnoll hits you but does no damage.
The gnoll hits you from afar with a +0 halberd.
You die... ... ........ ... ....... .. #.#....###.. ..#........... .#.......... .gb

.....# #g#
#...###
#@###.....
##.##.#<###
#....)..l#
#####...l....#
.............#
####..).....#
#####........#
#............#
#.####........#


You could see 2 gnolls, a bat and a frilled lizard.

Vanquished Creatures
  Crazy Yiuf (D:2)
  A gnoll (D:3)
  An adder (D:2)
  A worm (D:2)
  2 dart slugs (D:1)
  9 bats
  An endoplasm (D:1)
  4 giant cockroaches
  2 goblins
  2 hobgoblins (D:1)
  4 jackals (D:1)
  4 quokkas
  3 ball pythons
  3 frilled lizards
  4 kobolds
  2 rats
44 creatures vanquished.

Notes
Turn   | Place    | Note
-------+----------+-------------------------------------------
     0 | D:1      | Darius099 the Gargoyle Fighter began the quest for the Orb.
     0 | D:1      | Reached XP level 1. HP: 14/14 MP: 1/1
    56 | D:1      | Reached XP level 2. HP: 18/19 MP: 2/2
   289 | D:1      | Reached XP level 3. HP: 23/23 MP: 3/3
  1125 | D:2      | Found a runed translucent door.
  1126 | D:2      | Noticed Crazy Yiuf
  1176 | D:2      | Reached XP level 4. HP: 29/29 MP: 4/4
  1489 | D:2      | HP: 1/29 [Crazy Yiuf/+3 quarterstaff of chaos (8)]
  1494 | D:2      | Killed Crazy Yiuf
  1709 | D:3      | HP: 1/29 [gnoll/+0 halberd (6)]
  1712 | D:3      | Slain by a gnoll

Illustrated notes

Levels and vault maps discovered:
D:1:      ncdulo_watergridlock, layout_basic, hangedman_decor_points
D:2:      layout_basic, minivault_25, uniq_crazy_yiuf_cottage
D:3:      layout_basic, lemuel_round_altar

Skill      XL: |  1  2  3  4 |
---------------+-------------+-----
Fighting       | 4 |  4.0
Armour         | 4 |  4.1
Shields        | 4 |  4.0
Maces & Flails | |  2.9

Action                     |  1- 3 |  4- 6 || total
---------------------------+-------+-------++-------
  Melee: Flail             |   126 |    29 ||   155
 Armour: Scale mail        |    92 |    22 ||   114
  Dodge: Dodged            |    81 |    17 ||    98
  Block: Buckler           |    41 |     8 ||    49

Table legend: (Time is in decaauts)
 A = Elapsed time spent in this place.
 B = Non-inter-level travel time spent in this place.
 C = Inter-level travel time spent in this place.
 D = Time resting spent in this place.
 E = Time spent auto-exploring this place.
 F = Levels seen in this place.
 G = Mean time per level.
                   A        B        C        D        E       F      G
               +--------+--------+--------+--------+--------+-----+--------+
         Total |   1759 |   1684 |     75 |    105 |   1230 |   3 |  586.3 |
       Dungeon |   1759 |   1684 |     75 |    105 |   1230 |   3 |  586.3 |
               +--------+--------+--------+--------+--------+-----+--------+

Top non-repeatable levels by time:
     D:2: 962 daAuts
     D:1: 743 daAuts
     D:3: 54 daAuts
